 Dungeon Crawl Stone Soup version 0.29-a0-330-g52719c12eb (webtiles) character file.

Game seed: 6378399920942684984

248 vineage the Skirmisher (level 6, -2/42 HPs)
             Began as a Gargoyle Fighter on May 13, 2022.
             Slain by a kobold brigand
             ... wielding a +4 dagger of distortion
              (3 damage)
             ... on level 3 of the Dungeon.
             The game lasted 00:02:43 (3198 turns).

vineage the Skirmisher (Gargoyle Fighter)           Turns: 3198, Time: 00:02:44

Health: -2/42      AC: 17    Str: 19    XL:     6   Next: 12%
Magic:  6/6        EV:  5    Int:  9    God:
Gold:   139        SH:  5    Dex: 15    Spells: 5/5 levels left

rFire   . . .      SeeInvis .   g - +7 hand axe of the Queen {holy, rElec Dex+4}
rCold   . . .      Faith    .   c - +0 buckler
rNeg    + . .      Spirit   .   k - +0 plate armour
rPois   ∞          Reflect  .   (no helmet)
rElec   +          Harm     .   n - +0 cloak
rCorr   .          Rampage  .   (no gloves)
Will    .....                   (no boots)
Stlth   ..........              (no amulet)
HPRegen 0.14/turn               f - ring of flight
MPRegen 0.10/turn               (no ring)

@: flying
A: sickness immunity, AC +4, negative energy resistance 1, electricity
resistance, torment resistance 1, petrification resistance
a: no special abilities


You were on level 3 of the Dungeon.
You visited 1 branch of the dungeon, and saw 3 of its levels.

You collected 139 gold pieces.

Inventory:

Hand Weapons
 g - the +7 hand axe of the Queen (weapon) {holy, rElec Dex+4}
   (You found it on level 2 of the Dungeon)

   It has been blessed by the Shining One to cause great damage to the undead
   and demons.
   Dex:       It affects your dexterity (+4).
   rElec:     It insulates you from electricity.
Missiles
 a - a throwing net (quivered)
Armour
 b - a +0 scale mail
 c - a +0 buckler (worn)
 k - a +0 plate armour (worn)
 n - a +0 cloak (worn)
Jewellery
 f - a ring of flight (left hand)
Wands
 l - a wand of polymorph (18)
Scrolls
 o - a scroll of identify
 p - a scroll of blinking {unknown}
 r - 2 scrolls of vulnerability {unknown}
 s - a scroll of teleportation {unknown}
Potions
 d - 3 potions of might
 e - a potion of lignification {unknown}
 h - a potion of flight {unknown}
 i - 3 potions of curing
 j - a potion of cancellation {unknown}
 m - 2 potions of mutation {unknown}
 q - 2 potions of attraction {unknown}
 t - a potion of ambrosia {unknown}


   Skills:
 * Level 6.4 Fighting
 + Level 1.2(1.7) Axes
 - Level 2.0(2.2) Maces & Flails
 + Level 3.8 Armour
 + Level 3.7 Shields


You had 5 spell levels left.
You didn't know any spells.
Your spell library was empty.

Dungeon Overview and Level Annotations

Branches:
Dungeon (3/15)

Altars:
Nemelex Xobeh

Annotations:
D:3 marpa's ghost, amateur MiWn


Innate Abilities, Weirdness & Mutations

You are immune to sickness and miasma.
Your stone body is resilient. (AC +4)
You are immune to poison.
You resist negative energy. (rN+)
You are resistant to electric shocks. (rElec)
You are resistant to unholy torment.
You are immune to petrification.


Message History

Space warps around you.
Marpa's ghost makes a sound of rattling chains.
You closely miss the kobold.
The kobold is heavily wounded.
You slash the kobold!
You kill the kobold!
You barely miss the kobold. You barely miss the kobold brigand.
You barely miss the kobold brigand.
The kobold brigand completely misses you.
You slash the kobold brigand!
The kobold brigand is moderately wounded.
You hit the kobold.
You kill the kobold!
The kobold brigand hits you but does no damage.
You closely miss the kobold brigand.
The kobold brigand is moderately wounded.
You hit the kobold but do no damage.
The kobold brigand hits you with a +4 dagger of distortion.
The kobold hits you with a +0 short sword.
The kobold barely misses you.
The kobold brigand hits you but does no damage.
Space warps around you.
The kobold brigand attacks as you move away!
The kobold brigand hits you with a +4 dagger of distortion!
You blink.
You are too injured to fight recklessly!
You slash the kobold brigand!
The kobold brigand is heavily wounded.
The kobold brigand barely misses you.
You completely miss the kobold brigand.
The kobold brigand is heavily wounded.
The kobold brigand hits you but does no damage.
Space warps horribly around you!!
* * * LOW HITPOINT WARNING * * *
You closely miss the kobold brigand.
The kobold brigand is heavily wounded.
The kobold brigand hits you but does no damage. x2
Space warps around you.
You die...

### #.##.....# #.#...#.#.....#
#.###....# #⌠.#.#.⌠#####.#
#.###....# #)#...#.# #.#
#........# ###.....### ##'# #
#####....# #.##'K'##.###... ##
#####.### #WK.......##.... .##
##.###.# #.###..####.....
..####...##.######K# #..###......
..'.<...........@KK###....'......
..####...##.######.....####......
.## ##.###.# ###..## ##..... ##
####..# #.## ##.... # #.## #.#
##... #.# #.# ##'# #.# #.# #.#
#.# #.# #.# #.# #.#### ##..


You could see a kobold brigand and 2 kobolds.

Vanquished Creatures
  Crazy Yiuf (D:3)
  Terence (D:2)
  Jessica (D:2)
  Natasha (thrice) (D:2)
  2 adders (D:3)
  A white imp (D:3)
  A worm (D:2)
  A dart slug (D:1)
  3 orcs (D:2)
  6 endoplasms
  5 giant cockroaches
  A goblin (D:3)
  7 hobgoblins
  4 jackals (D:3)
  3 quokkas
  4 ball pythons
  5 bats
  3 frilled lizards (D:3)
  8 kobolds
  2 rats
62 creatures vanquished.

Notes
Turn   | Place    | Note
-------+----------+-------------------------------------------
     0 | D:1      | vineage the Gargoyle Fighter began the quest for the Orb.
     0 | D:1      | Reached XP level 1. HP: 14/14 MP: 1/1
   318 | D:1      | Found Upsuj's Distillery.
   379 | D:1      | Reached XP level 2. HP: 20/20 MP: 2/2
   411 | D:1      | Reached skill level 4 in Fighting
  1047 | D:2      | Noticed Natasha
  1057 | D:2      | Killed Natasha
  1058 | D:2      | Reached skill level 5 in Fighting
  1058 | D:2      | Reached XP level 3. HP: 10/26 MP: 3/3
  1073 | D:2      | Noticed Natasha
  1407 | D:2      | Killed Natasha
  1408 | D:2      | Reached XP level 4. HP: 31/31 MP: 4/4
  1411 | D:2      | Noticed Natasha
  1421 | D:2      | Killed Natasha
  1619 | D:2      | Found a sparkling altar of Nemelex Xobeh.
  1621 | D:2      | Identified the +7 hand axe of the Queen {holy, rElec Dex+4}
  1650 | D:2      | Noticed Terence
  1652 | D:2      | Noticed Jessica
  1659 | D:2      | Killed Terence
  1660 | D:2      | Reached skill level 6 in Fighting
  1660 | D:2      | Reached XP level 5. HP: 36/36 MP: 5/5
  1660 | D:2      | Killed Jessica
  2150 | D:3      | Reached skill level 1 in Axes
  2446 | D:3      | Noticed marpa's ghost (amateur MiWn)
  2448 | D:3      | Noticed a kobold brigand
  2449 | D:3      | Found a runed translucent gate.
  2449 | D:3      | Found a runed translucent gate.
  2449 | D:3      | Found a runed translucent gate.
  2925 | D:3      | Found a runed translucent door.
  2926 | D:3      | Noticed Crazy Yiuf
  2934 | D:3      | Killed Crazy Yiuf
  2935 | D:3      | Reached XP level 6. HP: 20/42 MP: 1/6
  3197 | D:3      | HP: 1/42 [kobold brigand/+4 dagger of distortion (19)]
  3198 | D:3      | Slain by a kobold brigand

Illustrated notes

Levels and vault maps discovered:
D:1:      psy_arrival_conway, layout_loops_corners, serial_shops,
          nicolae_shop_hallway_stairs, minmay_unequal
D:2:      layout_loops_ring, basic_altar, minmay_misc_feat_rows, uniq_terence,
          uniq_jessica, uniq_natasha
D:3:      layout_loops_corners, gammafunk_ghost_nasty_kobolds,
          uniq_crazy_yiuf_cottage

Skill      XL: |  1  2  3  4  5 |
---------------+----------------+-----
Fighting       | 5 6 |  6.4
Axes           | 1 |  1.2
Maces & Flails | |  2.0
Armour         | |  3.8
Shields        | |  3.7

Action                   |  1- 3 |  4- 6 || total
-------------------------+-------+-------++-------
Melee: Flail             |    55 |     8 ||    63
       Hand axe          |       |    87 ||    87
  Use: Scroll            |     1 |     2 ||     3
       Potion            |     1 |       ||     1
Armor: Scale mail        |    24 |     7 ||    31
       Skin              |       |     3 ||     3
       Plate armour      |       |    48 ||    48
Dodge: Dodged            |    21 |    26 ||    47
Block: Buckler           |    12 |    19 ||    31

Table legend: (Time is in decaauts)
 A = Elapsed time spent in this place.
 B = Non-inter-level travel time spent in this place.
 C = Inter-level travel time spent in this place.
 D = Time resting spent in this place.
 E = Time spent auto-exploring this place.
 F = Levels seen in this place.
 G = Mean time per level.
                   A        B        C        D        E       F      G
               +--------+--------+--------+--------+--------+-----+--------+
         Total |   3251 |   3212 |     39 |    697 |   2085 |   3 | 1083.7 |
       Dungeon |   3251 |   3212 |     39 |    697 |   2085 |   3 | 1083.7 |
               +--------+--------+--------+--------+--------+-----+--------+

Top non-repeatable levels by time:
     D:1: 1303 daAuts
     D:3: 1204 daAuts
     D:2: 744 daAuts
